 Dungeon Crawl Stone Soup version 0.28.0 (webtiles) character file.

Game seed: 5166793780898383704

2871 Zeld the Thaumaturge (level 9, -8/45 HPs)
             Began as a Deep Elf Fire Elementalist on Feb 17, 2022.
             Mangled by an orc warrior (15 damage)
             ... on level 7 of the Dungeon.
             The game lasted 00:06:55 (9160 turns).

Zeld the Thaumaturge (Deep Elf Fire Elementalist)   Turns: 9160, Time: 00:06:55

Health: -8/45      AC:  2    Str:  5    XL:     9   Next: 47%
Magic:  28/34      EV: 13    Int: 25    God:
Gold:   162        SH:  0    Dex: 15    Spells: 19/29 levels left

rFire   + . .      SeeInvis +   (no weapon)
rCold   + . .      Faith    .   (no shield)
rNeg    . . .      Spirit   .   a - +0 robe
rPois   .          Reflect  .   (no helmet)
rElec   .          Harm     .   i - scarf {rC+ rF+}
rCorr   .          Rampage  .   (no gloves)
Will    .....                   (no boots)
Stlth   +.........              (no amulet)
HPRegen 0.15/turn               s - ring of magical power
MPRegen 0.24/turn               o - ring of see invisible

@: confused
A: no striking features
a: no special abilities


You were on level 7 of the Dungeon.
You visited 1 branch of the dungeon, and saw 7 of its levels.

You collected 312 gold pieces.
You spent 150 gold pieces at shops.

Inventory:

Armour
 a - a +0 robe (worn)
 i - a scarf of resistance (worn)
Jewellery
 d - a ring of poison resistance
 o - a ring of see invisible (right hand)
 s - a ring of magical power (left hand)
Wands
 j - a wand of flame (16)
 p - a wand of iceblast (9)
 w - a wand of mindburst (9)
Scrolls
 e - a scroll of torment {unknown}
 k - a scroll of immolation {unknown}
 n - a scroll of enchant armour {unknown}
 q - 2 scrolls of identify {unknown}
 t - 3 scrolls of fear {unknown}
 u - 2 scrolls of fog {unknown}
 v - a scroll of holy word {unknown}
Potions
 b - a potion of mutation {unknown}
 c - 4 potions of heal wounds {unknown}
 f - 2 potions of magic {unknown}
 g - a potion of attraction {unknown}
 h - 3 potions of curing {unknown}
 l - a potion of ambrosia {unknown}
 m - 3 potions of haste {unknown}
 r - 2 potions of flight {unknown}


   Skills:
 - Level 4.0 Dodging
 - Level 6.0 Stealth
 * Level 10.5 Spellcasting
 + Level 5.9 Conjurations
 * Level 9.1 Fire Magic


You had 19 spell levels left.
You knew the following spells:

 Your Spells              Type           Power      Damage    Failure   Level
a - Foxfire               Conj/Fire      100%       2x1d9     1%          1
b - Scorch                Fire           100%       2d10      1%          2
c - Inner Flame           Hex/Fire       35%        N/A       2%          3
d - Flame Wave            Conj/Fire      50%        2d10      1%          4

Your spell library contained the following spells:

 Spells                   Type           Power      Damage    Failure   Level
 Static Discharge         Conj/Air       28%        N/A       1%          2
 Conjure Flame            Conj/Fire      50%        6-21      1%          3
 Freeze                   Ice            52%        1d7       4%          1
 Ignite Poison            Fire/Tmut/Pois 28%        N/A       4%          3
 Mephitic Cloud           Conj/Pois/Air  23%        N/A       6%          3
 Frozen Ramparts          Ice            26%        1d4       14%         3
 Hailstorm                Conj/Ice       28%        3d8       14%         4
 Lightning Bolt           Conj/Air       14%        1d27      36%         5
 Freezing Cloud           Conj/Ice/Air   11%        6-21      50%         5
 Maxwell's Capacitive Co  Air            6%         ∞         100%        8


Dungeon Overview and Level Annotations

Branches:
Dungeon (7/15)
 Temple: D:4-7

Altars:
Ashenzari
Cheibriados
Ru
Trog

Shops:
D:2 (=[:

Annotations:
D:4 1 runed translucent door, pkoi's ghost, novice MiGl


Message History

Flames lash the orc wizard.
You kill the orc wizard!
Casting: Scorch (safe; 1% risk of failure)
Confirm with . or Enter, or press ? or * to list all spells.
You can't see any susceptible monsters within range! (Use Z to cast anyway.)
The orc wizard hits you with a +0 dagger.
Casting: Scorch (safe; 1% risk of failure)
Confirm with . or Enter, or press ? or * to list all spells.
Flames lash the orc wizard.
The orc wizard is almost dead.
The orc wizard's fire resistance burns away.
Unknown command.
The orc priest mumbles some strange prayers to Beogh against you.
Beogh smites you!
There is a stone staircase leading down here.
Casting: Scorch (safe; 1% risk of failure)
Confirm with . or Enter, or press ? or * to list all spells.
Flames lash the orc warrior but do no damage.
The orc wizard is no longer more vulnerable to fire.
The orc warrior hits you with a +0 flail!!
* * * LOW HITPOINT WARNING * * *
The orc wizard misses you.
You climb downwards.
Found a leather armour, a throwing net and 14 gold pieces.
There is a stone staircase leading up here.
The orc warrior barely misses you. The orc wizard closely misses you.
Found a stone staircase leading up.
The orc wizard hits you with a +0 dagger.
* * * LOW HITPOINT WARNING * * *
You see here a +0 leather armour.
The orc wizard points at you and mumbles some strange words.
You are confused.
The orc wizard points at you and mumbles some strange words.
The magic dart hits you.
* * * LOW HITPOINT WARNING * * *
The orc wizard points at you and mumbles some strange words.
The puff of flame misses you.
There is a stone staircase leading up here.
The orc warrior hits you with a +0 flail!
You die...

. .. ...#############
...............#
#..............
#.....@o....#
##........###
#.........# ####
#.........## ####...#
#.....##Zo.####$......
#....####..([.........
#..... ##.....<.....5
.....# #......###...
..### ##..####


You could see an orc warrior, an orc wizard (invisible) and a centaur zombie.

Vanquished Creatures
  Pikel (D:5)
  A moth of wrath (D:4)
  A troll (D:5)
  A vampire mosquito (D:5)
  A black bear (D:5)
  An ogre (D:5)
  A necrophage (D:4)
  A lemure (D:5)
  A phantom (D:5)
  Blork the orc (D:4)
  4 scorpions (D:5)
  A water moccasin zombie (D:5)
  A water moccasin skeleton (D:4)
  A howler monkey (D:5)
  2 centaur zombies
  A bullfrog zombie (D:5)
  4 jellies
  3 bullfrog skeletons
  2 centaur skeletons
  Crazy Yiuf (D:2)
  A gnoll shaman (D:5)
  Natasha (thrice) (D:2)
  4 orc wizards
  A killer bee zombie (D:5)
  2 hound skeletons (D:4)
  A hound zombie (D:4)
  16 adders
  4 gnolls (D:4)
  A white imp (D:6)
  An ufetubus (D:4)
  5 worms
  3 dart slugs
  13 orcs
  8 ball pythons
  5 bats
  4 endoplasms
  7 giant cockroaches
  7 goblins
  7 hobgoblins
  4 jackals
  8 kobolds
  6 quokkas
  4 frilled lizards
  4 rats
149 creatures vanquished.

Vanquished Creatures (collateral kills)
  2 foxfires (D:2)
2 creatures vanquished.

Vanquished Creatures (others)
  388 foxfires
388 creatures vanquished.

Grand Total: 539 creatures vanquished

Notes
Turn   | Place    | Note
-------+----------+-------------------------------------------
     0 | D:1      | Zeld the Deep Elf Fire Elementalist began the quest for the
                  | Orb.
     0 | D:1      | Reached XP level 1. HP: 10/10 MP: 6/6
   350 | D:1      | Reached XP level 2. HP: 15/15 MP: 1/8
   703 | D:1      | Found a faded altar of an unknown god.
   741 | D:1      | Learned a level 2 spell: Scorch
  1534 | D:2      | Reached XP level 3. HP: 19/19 MP: 8/10
  1538 | D:2      | Learned a level 3 spell: Inner Flame
  2021 | D:2      | Reached skill level 4 in Spellcasting
  2079 | D:2      | Found a runed translucent door.
  2096 | D:2      | Noticed Crazy Yiuf
  2114 | D:2      | Found Yntasaco's Armour Emporium.
  2256 | D:2      | Identified the +1 scale mail "Osamem" {Int+5 Stlth-}
  2285 | D:2      | Found Raiho's Book Boutique.
  2348 | D:2      | Noticed Natasha
  2353 | D:2      | Killed Natasha
  2354 | D:2      | Reached XP level 4. HP: 18/24 MP: 7/12
  2359 | D:2      | Learned a level 4 spell: Flame Wave
  2465 | D:2      | Found Gewooh's Antique Weapon Shoppe.
  2539 | D:2      | Found Kuc Gyr's Jewellery Emporium.
  2629 | D:2      | Noticed Natasha
  2637 | D:2      | Killed Natasha
  2746 | D:2      | Killed Crazy Yiuf
  2747 | D:2      | Reached XP level 5. HP: 17/28 MP: 8/13
  2891 | D:3      | Found a snail-covered altar of Cheibriados.
  3024 | D:3      | Reached skill level 5 in Spellcasting
  3963 | D:4      | Found a runed translucent door.
  4007 | D:4      | Reached XP level 6. HP: 27/32 MP: 12/16
  4240 | D:4      | Reached skill level 5 in Fire Magic
  4257 | D:4      | Noticed pkoi's ghost (novice MiGl)
  4292 | D:2      | Bought a ring of see invisible for 150 gold pieces
  4307 | D:2      | Noticed Natasha
  4311 | D:2      | Killed Natasha
  4532 | D:4      | Noticed a moth of wrath
  4538 | D:4      | Found a bloodstained altar of Trog.
  5500 | D:4      | Killed a moth of wrath
  5501 | D:4      | Reached skill level 6 in Spellcasting
  5501 | D:4      | Reached XP level 7. HP: 36/36 MP: 5/19
  5731 | D:4      | Reached skill level 7 in Spellcasting
  5991 | D:4      | Noticed Blork the orc
  5998 | D:4      | Killed Blork the orc
  5999 | D:4      | Reached skill level 5 in Stealth
  5999 | D:4      | Reached XP level 8. HP: 23/41 MP: 11/21
  6445 | D:5      | Entered Level 5 of the Dungeon
  6724 | D:5      | Noticed a troll
  7219 | D:5      | Reached skill level 8 in Spellcasting
  7358 | D:5      | Found a sacrificial altar of Ru.
  7389 | D:5      | HP: 1/41 [troll (3)]
  7390 | D:5      | Killed a troll
  7882 | D:5      | Found a broken altar of Ashenzari.
  8174 | D:5      | Reached skill level 9 in Spellcasting
  8174 | D:5      | Reached skill level 5 in Conjurations
  8236 | D:5      | Reached XP level 9. HP: 40/45 MP: 13/24
  8720 | D:5      | Noticed Pikel
  8772 | D:5      | Killed Pikel
  8773 | D:5      | Reached skill level 10 in Spellcasting
  9160 | D:7      | Mangled by an orc warrior

Illustrated notes

Levels and vault maps discovered:
D:1:      dpeg_arrival_shrine, layout_loops_cross,
          ebering_ecumenical_altar_abandoned
D:2:      layout_loops_cross, serial_shops, shop, nicolae_square_shop,
          nicolae_shop_trees, nicolae_shop_hallway_stairs, uniq_natasha,
          uniq_crazy_yiuf_cottage
D:3:      layout_loops_cross, amcnicky_altar_gilded
D:4:      minmay_bubble_buster, layout_basic, tgw_trog,
          ebering_ghost_reflecting_pool, kennysheep_generic_room_6,
          uniq_blork_the_orc
D:5:      layout_loops_ring, nicolae_ru_awakened_eye,
          mainiacjoe_overflow_24_doors, minmay_misc_feat_chi,
          corexii_item_surrounded_by_moat, minmay_joined_circles, uniq_pikel
D:6:      layout_basic, temple_fountains
D:7:      layout_layer_cave

Skill      XL: |  1  2  3  4  5  6  7  8  9 |
---------------+----------------------------+-----
Spellcasting   | 4 5 6 7 9 10 | 10.5
Fire Magic     | 4 6 8 9 |  9.1
Dodging        | 3 4 |  4.0
Stealth        | 3 4 5 6 |  6.0
Conjurations   | 2 3 4 5 |  5.9

Action                   |  1- 3 |  4- 6 |  7- 9 || total
-------------------------+-------+-------+-------++-------
 Cast: Foxfire           |   104 |    97 |    47 ||   248
       Scorch            |     2 |    44 |    91 ||   137
       Flame Wave        |       |       |     2 ||     2
Evoke: Wand              |       |       |     2 ||     2
Armor: Robe              |     4 |     3 |     9 ||    16
Dodge: Dodged            |    14 |    19 |    44 ||    77
